 Dungeon Crawl Stone Soup version 0.32-a0-876-gcfddb08e57 (webtiles) character file.

Game seed: 17388956001796538198

1190 antlorb the Trooper (level 8, -3/70 HPs)
             Began as a Mountain Dwarf Fighter on Apr 1, 2024.
             Was an Initiate of Okawaru.
             Incinerated by a bombardier beetle (4 damage)
             ... with a burning spray
             ... on level 6 of the Dungeon.
             The game lasted 00:05:36 (4611 turns).

antlorb the Trooper (Mountain Dwarf Fighter)        Turns: 4611, Time: 00:05:37

Health: -3/70      AC: 17    Str: 21    XL:     8   Next: 20%
Magic:  8/8        EV:  5    Int:  9    God:    Okawaru [......]
Gold:   318        SH:  4    Dex:  9    Spells: 7/7 levels left

rFire   . . .        a - +0 war axe
rCold   . . .        c - +0 buckler
rNeg    . . .        j - +0 plate armour
rPois   .            e - +0 helmet
rElec   .            (no cloak)
rCorr   .            g - +2 pair of gloves
SInv    .            (no boots)
Will    .....        (no amulet) Stlth
                     (no ring)
HPRegen 0.31/turn    (no ring)
MPRegen 0.11/turn

%: no passive effects
@: on fire, glowing
A: runic magic, artefact enchanting
a: Renounce Religion


You were on level 6 of the Dungeon.
You worshipped Okawaru.
Okawaru was noncommittal.
You visited 2 branches of the dungeon, and saw 7 of its levels.

You collected 318 gold pieces.

Inventory:

Hand Weapons
 a - a +0 war axe (weapon)
Armour
 c - a +0 buckler (worn)
 e - a +0 helmet (worn)
 g - a +2 pair of gloves (worn)
 j - a +0 plate armour (worn)
Jewellery
 p - a +4 ring of slaying
Wands
 h - a wand of flame (31)
 o - a wand of roots (8)
Scrolls
 b - 6 scrolls of identify {unknown}
 k - a scroll of vulnerability {unknown}
 q - a scroll of fear {unknown}
 s - 2 scrolls of acquirement {unknown}
 t - a scroll of amnesia {unknown}
Potions
 d - a potion of might
 f - 2 potions of haste {unknown}
 i - a potion of curing {unknown}
 l - a potion of degeneration {unknown}
 m - a potion of berserk rage {unknown}
 n - 4 potions of attraction {unknown}
 r - a potion of mutation {unknown}


   Skills:
 + Level 6.3 Fighting
 + Level 6.3 Axes
 + Level 6.2 Armour
 + Level 6.2 Shields


You had 7 spell levels left.
You didn't know any spells.
Your spell library contained the following spells:

 Spells                   Type           Power      Damage    Failure   Level
 Apportation              Tloc           0%         N/A       71%         1
 Jinxbite                 Hex            0%         N/A       83%         2
 Sigil of Binding         Hex            0%         N/A       97%         3
 Alistair's Intoxication  Alch           0%         N/A       100%        5
 Orb of Destruction       Conj           0%         9d5       100%        7
 Summon Blazeheart Golem  Fire/Summ      Unusable   N/A       N/A         4
 Death Channel            Necr           Unusable   N/A       N/A         6
 Sculpt Simulacrum        Ice/Alch       Unusable   N/A       N/A         6
 Spellforged Servitor     Conj/Summ      Unusable   N/A       N/A         7

Dungeon Overview and Level Annotations

Branches:
Dungeon (6/15)             Temple (1/1) D:5

Altars:
Ashenzari
Cheibriados
Dithmenos
Fedhas
Gozag
Hepliaklqana
Kikubaaqudgha
Nemelex Xobeh
Okawaru
Qazlal
Ru
Sif Muna
Vehumet
Wu Jian
Xom
Yredelemnul
Zin
The Shining One

Shops:
D:3 :


Innate Abilities, Weirdness & Mutations

Your spellcasting is much less encumbered by armour.
You can use scrolls of enchantment on lesser artefacts.


Message History

You are even more covered in liquid fire!
You shake off some of the fire as you move.
The liquid fire burns you! The ice beast hits you. The ice beast freezes you!
You hit the bombardier beetle but do no damage.
The bombardier beetle is heavily wounded.
You closely miss the ice beast. The liquid fire burns you!
The ice beast hits you but does no damage.
The bombardier beetle bites you.
You hit the bombardier beetle.
The bombardier beetle is severely wounded.
You hit the ice beast but do no damage. The liquid fire burns you!
The ice beast hits you but does no damage.
The bombardier beetle bites you but does no damage.
You barely miss the bombardier beetle.
The bombardier beetle is severely wounded.
You hit the ice beast. The liquid fire burns you!
* * * LOW HITPOINT WARNING * * *
You block the ice beast's attack.
You hit the bombardier beetle.
The bombardier beetle is almost dead.
You barely miss the ice beast. The liquid fire burns you!
* * * LOW HITPOINT WARNING * * *
The ice beast hits you.
* * * LOW HITPOINT WARNING * * *
The ice beast freezes you!
* * * LOW HITPOINT WARNING * * *
The bombardier beetle sprays incendiary fluid at you.
The burning spray hits you.
You are even more covered in liquid fire!
The ice beast hits you but does no damage.
You hit the bombardier beetle but do no damage.
The bombardier beetle is almost dead.
You hit the ice beast. The liquid fire burns you!
You die...

......... ........#
........# .# ........# .#
### ......###.# ..#
#........# .###
#..Y....######
...#.########.#B@#.......#
..............)[......>#
#....###.####.##.....#.#
#...#..# #. #.......#####
#.###..# #. #.#.#.......#
#......# #. #.......###.#
#..# #.# #. ###.###.# #.#
...# #.### ..
....###.###.### ##.# #.#..
.. ..............#


You could see an ice beast and a bombardier beetle.

Vanquished Creatures
  Grinder (D:3)
  A steam dragon (D:6)
  A black bear (D:5)
  3 phantoms (D:5)
  A bullfrog (D:6)
  A scorpion (D:4)
  A bombardier beetle (D:3)
  4 hounds
  3 iguanas (D:5)
  A sleepcap (D:5)
  Robin (D:3)
  4 adders
  A shadow imp (D:5)
  A white imp (D:5)
  An ufetubus (D:5)
  4 dart slugs
  3 ribbon worms (D:2)
  5 orcs
  7 bats
  4 endoplasms (D:1)
  4 giant cockroaches
  16 goblins
  9 hobgoblins
  4 jackals (D:1)
  3 quokkas
  6 ball pythons
  4 frilled lizards
  4 kobolds
  8 rats
106 creatures vanquished.

Notes
Turn   | Place    | Note
-------+----------+-------------------------------------------
     0 | D:1      | antlorb the Mountain Dwarf Fighter began the quest for the
                  | Orb.
     0 | D:1      | Reached XP level 1. HP: 19/19 MP: 1/1
    62 | D:1      | Reached XP level 2. HP: 26/26 MP: 2/2
   303 | D:1      | Reached XP level 3. HP: 31/31 MP: 3/3
  1363 | D:3      | Reached XP level 4. HP: 40/40 MP: 4/4
  1377 | D:3      | Found a sacrificial altar of Ru.
  1434 | D:3      | Noticed Grinder
  1442 | D:3      | Paralysed by Grinder for 3 turns
  1452 | D:3      | Paralysed by Grinder for 3 turns
  1460 | D:3      | Paralysed by Grinder for 5 turns
  1469 | D:3      | Paralysed by Grinder for 2 turns
  1483 | D:3      | Killed Grinder
  1484 | D:3      | Reached XP level 5. HP: 9/47 MP: 5/5
  1484 | D:3      | Reached XP level 6. HP: 10/53 MP: 6/6
  2045 | D:3      | Found Nosasyt's Vocational Training.
  2178 | D:3      | Found a faded altar of an unknown god.
  2205 | D:3      | Noticed Robin
  2218 | D:3      | Killed Robin
  2609 | D:4      | Found an ancient bone altar of Kikubaaqudgha.
  2739 | D:4      | Reached skill level 5 in Fighting
  2739 | D:4      | Reached skill level 5 in Armour
  2739 | D:4      | Reached skill level 5 in Shields
  3198 | D:5      | Entered Level 5 of the Dungeon
  3222 | D:5      | Reached skill level 5 in Axes
  3377 | D:5      | Reached XP level 7. HP: 61/61 MP: 7/7
  3961 | D:5      | Found a staircase to the Ecumenical Temple.
  3990 | Temple   | Entered the Ecumenical Temple
  4086 | Temple   | Became a worshipper of Warmaster Okawaru
  4468 | D:5      | Reached XP level 8. HP: 70/70 MP: 8/8
  4588 | D:6      | Identified the +5 falchion "Maatsun" {pain, rC- Int+7}
  4610 | D:6      | HP: 1/70 [ice beast (13)]
  4611 | D:6      | Incinerated by a bombardier beetle

Illustrated notes

Levels and vault maps discovered:
D:1:      dpeg_arrival_refuge, layout_loops_ring
D:2:      layout_loops_ring
D:3:      layout_rooms, nicolae_ru_awakened_eye,
          shapermc_ecumenical_altar_mp_ritualfount, minivault_19,
          nicolae_shop_vocational, uniq_robin, uniq_grinder
D:4:      layout_cave_pods, nicolae_kikubaaqudgha_miasma_corner
D:5:      layout_loops_ring, minmay_temple_entry_stoned_glass,
          minmay_fractal_squares_5
D:6:      layout_basic, elyvilon_altar_3, minmay_manual_maat, uniq_edmund
Temple:   nicolae_temple_elliptical

Skill      XL: |  1  2  3  4  5  6  7 |
---------------+----------------------+-----
Axes           | 3 4 5 6 |  6.3
Fighting       | 4 5 6 |  6.3
Armour         | 4 5 6 |  6.2
Shields        | 4 5 6 |  6.2

Action                     |  1- 3 |  4- 6 |  7- 9 || total
---------------------------+-------+-------+-------++-------
  Melee: War axe           |   121 |   128 |   105 ||   354
    Use: Potion            |       |       |     1 ||     1
 Armour: Scale mail        |    92 |    40 |       ||   132
         Plate armour      |       |    84 |   144 ||   228
  Dodge: Dodged            |    42 |    45 |    35 ||   122
  Block: Buckler           |    32 |    24 |    38 ||    94

Table legend: (Time is in decaauts)
 A = Elapsed time spent in this place.
 B = Non-inter-level travel time spent in this place.
 C = Inter-level travel time spent in this place.
 D = Time resting spent in this place.
 E = Time spent auto-exploring this place.
 F = Levels seen in this place.
 G = Mean time per level.
                   A        B        C        D        E       F      G
               +--------+--------+--------+--------+--------+-----+--------+
         Total |   4724 |   4558 |    166 |    710 |   2897 |   7 |  674.9 |
       Dungeon |   4604 |   4461 |    143 |    710 |   2897 |   6 |  767.3 |
        Temple |    119 |     96 |     23 |      0 |      0 |   1 |  119.0 |
               +--------+--------+--------+--------+--------+-----+--------+

Top non-repeatable levels by time:
     D:5: 1204 daAuts
     D:3: 1042 daAuts
     D:4: 845 daAuts
     D:1: 752 daAuts
     D:2: 639 daAuts
     D:6: 119 daAuts
  Temple: 119 daAuts
